 Dungeon Crawl Stone Soup version 0.26-a0-812-g31a745ddcd (webtiles) character file.

Game seed: 7972234340175063815

532 robertstho the Chiller (level 7, 0/37 HPs)
             Began as a Deep Elf Ice Elementalist on Nov 13, 2020.
             Was an Initiate of Sif Muna.
             Slain by a gnoll sergeant
             ... wielding a cursed +0 trident
              (8 damage)
             ... on level 5 of the Dungeon.
             The game lasted 00:05:31 (4726 turns).

robertstho the Chiller (Deep Elf Ice Elementalist)  Turns: 4726, Time: 00:05:32

Health: 0/37       AC:  6    Str:  5    XL:     7   Next: 3%
Magic:  10/18      EV: 13    Int: 24    God:    Sif Muna [......]
Gold:   177        SH:  0    Dex: 15    Spells: 3/18 levels left

rFire    . . .     SeeInvis .   e - +0 short sword
rCold    . . .     Faith    .   (no shield)
rNeg     . . .     Spirit   .   v - +2 robe of Quudghi {Int+2}
rPois    .         Reflect  .   n - +0 helmet
rElec    .         Harm     .   (no cloak)
rCorr    .         Rampage  .   p - +0 pair of gloves
MR       .....                  (no boots)
Stlth    +++.......             (no amulet)
HPRegen  0.12/turn              (no ring)
MPRegen  0.16/turn              (no ring)

@: frozen ramparts
A: no striking features
a: Renounce Religion


You were on level 5 of the Dungeon.
You worshipped Sif Muna.
Sif Muna was noncommittal.
You visited 1 branch of the dungeon, and saw 5 of its levels.

You collected 177 gold pieces.

Inventory:

Hand Weapons
 e - a +0 short sword (weapon)
Armour
 n - a +0 helmet (worn)
 p - a +0 pair of gloves (worn)
 v - the +2 robe of Quudghi (worn) {Int+2}
   (You found it on level 4 of the Dungeon)

   It affects your intelligence (+2).
Wands
 s - a wand of iceblast (7)
 w - a wand of disintegration (22)
Scrolls
 a - a scroll of fog {unknown}
 b - 2 scrolls of identify {unknown}
 d - a scroll of fear {unknown}
 f - a scroll of amnesia {unknown}
 i - 5 scrolls of teleportation {unknown}
 l - 2 scrolls of noise {unknown}
 r - 2 scrolls of enchant armour {unknown}
 t - a scroll of remove curse {unknown}
 x - a scroll of random uselessness {unknown}
Potions
 c - 2 potions of curing
 g - a potion of flight {unknown}
 h - a potion of degeneration {unknown}
 j - 2 potions of resistance {unknown}
 k - a potion of haste {unknown}
 m - a potion of lignification {unknown}
 o - a potion of magic {unknown}
 q - a potion of mutation {unknown}
 u - 2 potions of heal wounds


   Skills:
 + Level 0.7 Fighting
 + Level 1.4 Short Blades
 + Level 3.0 Dodging
 + Level 4.0 Stealth
 + Level 0.1 Unarmed Combat
 * Level 6.1 Spellcasting
 + Level 0.1 Conjurations
 * Level 6.8 Ice Magic
 * Level 1.1 Invocations


You had 3 spell levels left.
You knew the following spells:

 Your Spells              Type           Power        Failure   Level
a - Freeze                Ice            ####         1%          1
b - Frozen Ramparts       Ice            #####.       1%          3
c - Ozocubu's Armour      Ice            #####...     1%          3
d - Hailstorm             Conj/Ice       ###.....     19%         4
e - Summon Ice Beast      Ice/Summ       ###.....     19%         4

Your spell library contained the following spells:

 Spells                   Type           Power        Failure   Level


Dungeon Overview and Level Annotations

Branches:
Dungeon (5/15)
 Temple: D:4-7

Altars:
Elyvilon
Makhleb
Sif Muna
Uskayaw
Wu Jian
Yredelemnul


Message History

Your Spellcasting skill increases to level 6!
You have reached level 7!
The wall freezes the gnoll sergeant!
The frozen ramparts melt away.
Casting: Frozen Ramparts (safe; 1% risk of failure)
Confirm with . or Enter, or press ? or * to list all spells.
The walls around you are covered in ice.
The wall freezes the gnoll!
The gnoll hits you!
* * * LOW HITPOINT WARNING * * *
The wall freezes the gnoll sergeant.
Unknown command.
You hit the gnoll.
The gnoll is almost dead.
The wall freezes the gnoll.
You kill the gnoll!
Sif Muna accepts your kill.
Your Invocations skill increases to level 1!
The wall freezes the gnoll sergeant!
The gnoll sergeant hits you from afar with a cursed +0 trident!
You die...

## .# .# .## .. .#
########### ####.#
..........# ######....#
......$...#
#@.g)....#...#
..........####†####.#.#
#.#
...............)....#.#
#
....Og.........###..#.#
.......<.......# #..#.#
.....g.?.......# #..#.#
.......÷.....!.# #..#.#
.............$.# #..#.#
..........###### ####


You could see a gnoll sergeant.

Vanquished Creatures
  An ogre (D:5)
  A centaur (D:4)
  An orc priest (D:3)
  2 orc wizards
  3 worker ants (D:4)
  A hound skeleton (D:4)
  3 gnolls (D:5)
  7 adders
  3 oozes
  2 worms
  A dart slug (D:1)
  6 leopard geckos
  11 orcs
  7 bats
  7 goblins
  6 hobgoblins
  5 jackals
  2 quokkas
  A ball python (D:1)
  3 frilled lizards (D:1)
  5 kobolds
  12 rats
90 creatures vanquished.

Notes
Turn   | Place    | Note
-------+----------+-------------------------------------------
     0 | D:1      | robertstho the Deep Elf Ice Elementalist began the quest
                  | for the Orb.
     0 | D:1      | Reached XP level 1. HP: 10/10 MP: 6/6
   125 | D:1      | Reached XP level 2. HP: 13/15 MP: 6/8
   564 | D:1      | Reached skill level 5 in Ice Magic
   808 | D:1      | Reached XP level 3. HP: 15/19 MP: 10/10
  1523 | D:2      | Learned a level 3 spell: Frozen Ramparts
  1527 | D:2      | Learned a level 3 spell: Ozocubu's Armour
  1809 | D:2      | Found a burning altar of Makhleb.
  1987 | D:2      | Reached XP level 4. HP: 21/24 MP: 7/11
  2221 | D:2      | Noticed a +0 hand axe
  2232 | D:2      | Noticed a +3 hand axe
  2238 | D:2      | Found a hide-covered altar of Uskayaw.
  2480 | D:3      | Reached skill level 1 in Short Blades
  2728 | D:3      | Reached XP level 5. HP: 28/28 MP: 13/13
  3495 | D:3      | Found a white marble altar of Elyvilon.
  3546 | D:3      | Found a basalt altar of Yredelemnul.
  3716 | D:4      | Reached skill level 5 in Spellcasting
  3795 | D:4      | Reached XP level 6. HP: 27/33 MP: 11/15
  3808 | D:4      | Learned a level 4 spell: Hailstorm
  3813 | D:4      | Learned a level 4 spell: Summon Ice Beast
  4025 | D:4      | Got a thick robe
  4035 | D:4      | Identified the +2 robe of Quudghi {Int+2} (You found it on
                  | level 4 of the Dungeon)
  4346 | D:4      | Found a shimmering blue altar of Sif Muna.
  4347 | D:4      | Found an ornate altar of the Wu Jian Council.
  4353 | D:4      | Became a worshipper of Sif Muna the Loreminder
  4370 | D:5      | Entered Level 5 of the Dungeon
  4723 | D:5      | Reached XP level 7. HP: 15/37 MP: 12/18
  4726 | D:5      | Reached skill level 1 in Invocations
  4726 | D:5      | Slain by a gnoll sergeant

Illustrated notes

Levels and vault maps discovered:
D:1:      dpeg_arrival_pits, layout_loops_ring
D:2:      layout_loops_cross, old_standard_altar, dancing_weapons_uskayaw,
          minmay_hexomino_p4
D:3:      layout_basic, kennysheep_ying_yang, st_stairs_6
D:4:      layout_gridville, gammafunk_temple_overflow_statue
D:5:      layout_basic, uniq_duvessa

Skill      XL: |  1  2  3  4  5  6  7 |
---------------+----------------------+-----
Ice Magic      | 5 6 |  6.8
Stealth        | 3 4 |  4.0
Spellcasting   | 4 5 6 |  6.1
Short Blades   | 1 |  1.4
Dodging        | 3 |  3.0
Invocations    | 1 |  1.1
Fighting       | |  0.7
Unarmed Combat | |  0.1
Conjurations   | |  0.1

Action                   |  1- 3 |  4- 6 |  7- 9 || total
-------------------------+-------+-------+-------++-------
Melee: Unarmed           |    20 |       |       ||    20
       Short sword       |    78 |    71 |     1 ||   150
 Cast: Freeze            |    24 |     4 |       ||    28
       Frozen Ramparts   |     3 |    22 |     1 ||    26
       Hailstorm         |       |     2 |       ||     2
  Use: Potion            |     1 |       |       ||     1
 Stab: Sleeping          |     8 |     5 |       ||    13
Armor: Robe              |    22 |    23 |       ||    45
Dodge: Dodged            |    91 |    64 |       ||   155

Table legend: (Time is in decaauts)
 A = Elapsed time spent in this place.
 B = Non-inter-level travel time spent in this place.
 C = Inter-level travel time spent in this place.
 D = Time resting spent in this place.
 E = Time spent auto-exploring this place.
 F = Levels seen in this place.
 G = Mean time per level.
                   A        B        C        D        E       F      G
               +--------+--------+--------+--------+--------+-----+--------+
         Total |   4737 |   4565 |    172 |    382 |   3426 |   5 |  947.4 |
       Dungeon |   4737 |   4565 |    172 |    382 |   3426 |   5 |  947.4 |
               +--------+--------+--------+--------+--------+-----+--------+

Top non-repeatable levels by time:
     D:1: 1409 daAuts
     D:3: 1155 daAuts
     D:4: 1084 daAuts
     D:2: 1043 daAuts
     D:5: 44 daAuts
